 Dungeon Crawl Stone Soup version 0.29.1-15-g9cfb28693d (webtiles) character file.

Game seed: 17455543289931216632

82 Heoruswealwe the Conjurer (level 4, -4/24 HPs)
             Began as a Deep Elf Conjurer on Feb 21, 2023.
             Slain by an orc
             ... wielding a +0 war axe
              (5 damage)
             ... on level 3 of the Dungeon.
             The game lasted 00:23:14 (2279 turns).

Heoruswealwe the Conjurer (Deep Elf Conjurer)       Turns: 2279, Time: 00:23:15

Health: -4/24      AC:  5    Str:  3 (4)  XL:     4   Next: 21%
Magic:  12/12      EV: 12    Int: 24 (25) God:
Gold:   142        SH:  0    Dex: 10 (11) Spells: 11/12 levels left

rFire   . . .      SeeInvis .   k - +0 long sword
rCold   . . .      Faith    .   (no shield)
rNeg    . . .      Spirit   .   a - +0 robe
rPois   .          Reflect  .   (no helmet)
rElec   .          Harm     .   (no cloak)
rCorr   .          Rampage  .   (no gloves)
Will    .....                   (no boots)
Stlth   ++........              (no amulet)
HPRegen 0.08/turn               (no ring)
MPRegen 0.13/turn               (no ring)

@: no status effects
A: iridescent scales 1, clumsy 1, shaggy fur 1
a: no special abilities


You were on level 3 of the Dungeon.
You visited 1 branch of the dungeon, and saw 3 of its levels.

You collected 142 gold pieces.

Inventory:

Hand Weapons
 c - a +0 hand axe
 d - a +0 short sword
 f - a +0 short sword
 g - a +0 whip
 h - a +0 club
 i - a +0 club
 k - a +0 long sword (weapon)
 m - a +0 dagger
 n - a +0 mace
 o - a +0 club
 p - a +0 short sword
 r - a +0 club
 s - a +0 flail
 t - a +0 whip
 u - a +0 dagger
 x - a +0 short sword
 y - a +0 sling
Missiles
 e - 28 stones
 l - 3 poisoned darts
Armour
 a - a +0 robe (worn)
 j - a +0 plate armour
 v - a +0 ring mail
 C - a +0 leather armour
Scrolls
 z - 2 scrolls of teleportation
Potions
 b - a potion of magic
 q - 2 potions of lignification


   Skills:
 - Level 2.4 Dodging
 - Level 2.4 Stealth
 + Level 4.8 Spellcasting
 + Level 5.4 Conjurations


You had 11 spell levels left.
You knew the following spells:

 Your Spells              Type           Power      Damage    Failure   Level
a - Magic Dart            Conj           100%       1d8       1%          1

Your spell library contained the following spells:

 Spells                   Type           Power      Damage    Failure   Level
 Searing Ray              Conj           62%        2d6       1%          2
 Static Discharge         Conj/Air       18%        3-6/arc   4%          2
 Dazzling Flash           Conj/Hex       36%        N/A       9%          3
 Fulminant Prism          Conj/Hex       9%         3d7       28%         4
 Iskenderun's Mystic Bla  Conj/Tloc      18%        2d6       28%         4
 Sticky Flame             Conj/Fire      18%        2d4       28%         4
 Dispel Undead            Necr           5%         3d7       65%         4


Dungeon Overview and Level Annotations

Branches:
Dungeon (3/15)

Altars:
Ru
Zin


Innate Abilities, Weirdness & Mutations

You are partially covered in iridescent scales. (AC +2)
You are clumsy. (Dex -2)
You are covered in fur. (AC +1)


Message History

Okay, then.
Sorry, you're not good enough to have a special ability.
The magic dart hits the orc.
The orc is lightly wounded.
You barely miss the orc.
The orc is lightly wounded.
The orc barely misses you. x3
You closely miss the orc.
The orc is lightly wounded.
The orc barely misses you. x2
You closely miss the orc.
The orc is lightly wounded.
The orc hits you with a +0 flail. The orc closely misses you.
You closely miss the orc. The orc closely misses you.
You closely miss the orc. The orc hits you but does no damage.
The orc hits you with a +0 short sword.
You barely miss the orc. The orc closely misses you.
The orc hits you with a +0 short sword. The orc barely misses you.
The orc closely misses you.
You slash the orc!
You kill the orc!
The orc misses you.
You closely miss the orc.
The orc is lightly wounded.
The orc hits you with a +0 short sword.
You barely miss the orc.
The orc is lightly wounded.
The orc hits you with a +0 short sword.
You hit the orc.
The orc is almost dead.
The orc hits you with a +0 war axe.
* * * LOW HITPOINT WARNING * * *
The orc hits you with a +0 short sword.
* * * LOW HITPOINT WARNING * * *
You barely miss the orc.
The orc is almost dead.
The orc misses you. The orc hits you with a +0 short sword.
* * * LOW HITPOINT WARNING * * *
The orc hits you with a +0 war axe.
You die...

#..# #..#
##..# .... ##
#..# #
.##..#..##.##
.......<....#
#######o#####
......o@#
#########


You could see 2 orcs.

Vanquished Creatures
  2 adders (D:2)
  A worm (D:2)
  A dart slug (D:1)
  2 orcs (D:3)
  9 endoplasms
  A giant cockroach (D:1)
  4 goblins
  2 hobgoblins
  8 jackals (D:1)
  5 kobolds
  2 quokkas (D:1)
  5 ball pythons
  2 bats
  2 frilled lizards (D:1)
  3 rats
49 creatures vanquished.

Notes
Turn   | Place    | Note
-------+----------+-------------------------------------------
     0 | D:1      | Heoruswealwe the Deep Elf Conjurer began the quest for the
                  | Orb.
     0 | D:1      | Reached XP level 1. HP: 10/10 MP: 6/6
   135 | D:1      | Reached XP level 2. HP: 13/15 MP: 0/8
   256 | D:1      | Found a faded altar of an unknown god.
   266 | D:1      | Prayed at the altar of an unknown god.
   266 | D:1      | Became a worshipper of Ru the Awakened
   267 | D:1      | Fell from the grace of Ru
   415 | D:1      | Learned a level 2 spell: Searing Ray
   519 | D:1      | Reached XP level 3. HP: 19/19 MP: 1/10
   533 | D:1      | Reached skill level 5 in Conjurations
  1402 | D:2      | Found a glowing silver altar of Zin.
  1625 | D:2      | Reached XP level 4. HP: 20/24 MP: 10/12
  2234 | D:2      | Gained mutation: You sometimes lose your temper in combat.
                  | [potion of mutation]
  2234 | D:2      | Gained mutation: You are clumsy. (Dex -2) [potion of
                  | mutation]
  2234 | D:2      | Gained mutation: You have sharp fingernails. [potion of
                  | mutation]
  2235 | D:2      | Lost mutation: You have sharp fingernails. [potion of
                  | mutation]
  2235 | D:2      | Lost mutation: You sometimes lose your temper in combat.
                  | [potion of mutation]
  2235 | D:2      | Gained mutation: You are covered in fur. (AC +1) [potion of
                  | mutation]
  2235 | D:2      | Gained mutation: You are partially covered in iridescent
                  | scales. (AC +2) [potion of mutation]
  2279 | D:3      | HP: 1/24 [orc/+0 short sword (1)]
  2279 | D:3      | Slain by an orc

Illustrated notes

Levels and vault maps discovered:
D:1:      minmay_arrival_diagonal_passages, layout_loops_cross,
          dreamdust_ecumenical_altar_statues
D:2:      layout_loops_corners, basic_altar
D:3:      layout_basic, lemuel_crystal_altar, kennysheep_generic_room_15,
          uniq_ijyb

Skill      XL: |  1  2  3 |
---------------+----------+-----
Spellcasting   | 4 |  4.8
Conjurations   | 5 |  5.4
Dodging        | |  2.4
Stealth        | |  2.4

Action                   |  1- 3 |  4- 6 || total
-------------------------+-------+-------++-------
Melee: Hand axe          |     4 |       ||     4
       Short sword       |    35 |       ||    35
       Long sword        |     5 |    14 ||    19
 Cast: Magic Dart        |    83 |     5 ||    88
Invok: Renounce Religion |     1 |       ||     1
  Use: Scroll            |     4 |     3 ||     7
       Potion            |     1 |     3 ||     4
Armor: Robe              |     6 |     2 ||     8
Dodge: Dodged            |    33 |    12 ||    45
